 Dungeon Crawl Stone Soup version 0.19.0-11-g3fc08b3 (webtiles) character file.

120 Chiseanne the Magician (level 4, -1/30 HPs)
             Began as a Demonspawn Wizard on Nov 9, 2016.
             Slain by an adder (5 damage)
             ... on level 3 of the Dungeon.
             The game lasted 00:11:39 (2894 turns).

Chiseanne the Magician (Demonspawn Wizard)          Turns: 2894, Time: 00:11:40

Health: -1/30      AC:  8    Str:  7    XL:     4   Next: 75%
Magic:  10/10      EV: 12    Int: 21    God:
Gold:   93         SH:  0    Dex: 11    Spells: 4 memorised, 2 levels left

rFire  . . .     SeeInvis .     a - +1 dagger (venom)
rCold  + . .     Gourm    .     e - +0 robe
rNeg   . . .     Faith    .     (no shield)
rPois  .         Spirit   .     g - +2 helmet
rElec  .         Reflect  .     (no cloak)
rCorr  .         Harm     .     s - +0 pair of gloves
MR     .....                    (no boots)
Stlth  ++........               (no amulet)
                                (no ring)
                                (no ring)

@: lethally poisoned (-1 -> -5)
A: molten scales 1, cold resistance 1
a: no special abilities


You were on level 3 of the Dungeon.
You were not hungry.

You visited 1 branch of the dungeon, and saw 3 of its levels.

You collected 93 gold pieces.

Inventory:

Hand Weapons
 a - a +1 dagger of venom (weapon)
Missiles
 b - 2 poisoned needles
 f - 73 stones (quivered)
 h - 52 arrows
 k - 29 sling bullets
 p - 18 bolts
 t - 3 tomahawks
Armour
 e - a +0 robe (worn)
 g - a +2 helmet (worn)
 s - a +0 pair of gloves (worn)
Jewellery
 j - an uncursed ring of ice
Scrolls
 i - a scroll of recharging {unknown}
 l - a scroll of identify {unknown}
 m - 4 scrolls of remove curse
 o - a scroll of fog {unknown}
Potions
 n - a potion of cure mutation {unknown}
 q - a potion of curing {unknown}
 r - a potion of invisibility {unknown}
 u - a potion of degeneration {unknown}
Comestibles
 c - 2 chunks of flesh
 d - a bread ration


   Skills:
 - Level 1.7 Dodging
 - Level 1.7 Stealth
 * Level 4.2 Spellcasting
 * Level 3.3 Conjurations
   Level 1.0 Summonings
 - Level 0.8 Translocations


You had 2 spell levels left.
You knew the following spells:

 Your Spells              Type           Power        Failure   Level  Hunger
a - Magic Dart            Conj           ###.         3%          1    None
b - Mephitic Cloud        Conj/Pois/Air  #.......     24%         3    ###....
c - Conjure Flame         Conj/Fire      ##......     21%         3    ###....
d - Blink                 Tloc           N/A          14%         2    #......


Dungeon Overview and Level Annotations

Branches:
Dungeon (3/15)

Altars:
Elyvilon
The Shining One


Innate Abilities, Weirdness & Mutations

You are partially covered in molten scales. (AC +2)
Your flesh is cold resistant. (rC+)


Message History

The adder bites you.
* * * LOW HITPOINT WARNING * * *
The adder bites you but does no damage.
The orc priest looks encouraged for a moment.
The adder barely misses you.
Found 6 gold pieces.
You hit the adder.
The adder is poisoned.
The adder is moderately wounded.
The adder bites you but does no damage. The adder bites you.
* * * LOW HITPOINT WARNING * * *
You are lethally poisoned!
The adder poisons you!
* * * LOW HITPOINT WARNING * * *
You feel sick.
A quokka comes into view.
* * * LOW HITPOINT WARNING * * *
You feel sick. The adder bites you.
You die...

#. #######
#.###.....
##..)..)..#
..........#
#......#.#
#).#.#####
#<.#.....
##))#..######
####........@S.#
..........####.##
####......oo..%.#
#..#)..####..#
#..#.>.# #.$#
#..#.>.# #..#
#..##o## #r.#
#...o.........
#..##.....r...#


You could see an adder.

Vanquished Creatures
  4 gnolls (D:2)
  An adder (D:2)
  4 dart slugs
  A leopard gecko (D:1)
  4 orcs
  5 giant cockroaches
  6 goblins
  3 hobgoblins
  5 jackals
  A quokka (D:3)
  9 bats
  3 frilled lizards (D:1)
  8 kobolds
  4 rats
58 creatures vanquished.

Notes
Turn   | Place    | Note
-------+----------+-------------------------------------------
     0 | D:1      | Chiseanne the Demonspawn Wizard began the quest for the Orb.
     0 | D:1      | Reached XP level 1. HP: 13/13 MP: 4/4
   158 | D:1      | Chiseanne: thats the worst helmet optics lol
   158 | D:1      | Chiseanne: so ugly
   209 | D:1      | Gained mutation: You are partially covered in molten scales. (AC +2) [demonic ancestry]
   209 | D:1      | Reached XP level 2. HP: 19/19 MP: 1/6
   281 | D:1      | WhatIsLove: do you want to look like cerebov maybe lol?
   367 | D:1      | Chiseanne: :D
  1093 | D:1      | WhatIsLove: try it 1 time for fun
  1148 | D:1      | WhatIsLove: line to RC:
  1148 | D:1      | WhatIsLove: tile_player_tile = mons:Cerebov
  1148 | D:1      | Chiseanne: hmm
  1148 | D:1      | Chiseanne: alright ;-)
  1148 | D:1      | Chiseanne: there do I put that? is it ok to put it at the end ?
  1148 | D:1      | WhatIsLove: wherever
  1148 | D:1      | Chiseanne: aight..brb
  1148 | D:1      | Chiseanne: ok thats impressive :D
  1148 | D:1      | WhatIsLove: lol
  1148 | D:1      | Chiseanne: Im gonna leave that for w while
  1153 | D:1      | WhatIsLove: i use bog imp sprite for mu vinestalker
  1325 | D:1      | WhatIsLove: i mean bog body
  1325 | D:1      | Gained mutation: Your flesh is cold resistant. (rC+) [demonic ancestry]
  1325 | D:1      | Reached XP level 3. HP: 24/24 MP: 5/7
  1326 | D:1      | WhatIsLove: jeez
  1326 | D:1      | WhatIsLove: lol
  1326 | D:1      | Chiseanne: :D
  1419 | D:1      | Chiseanne: Im like Cerebov just liek a better version of him..with rC ;-D
  1462 | D:2      | WhatIsLove: and with dagger over sword
  1509 | D:2      | Chiseanne: thats true..maybe I can change that hmm
  1634 | D:2      | WhatIsLove: you can only see weapon and shield sprites
  1634 | D:2      | Chiseanne: thats the story of cerebov and how it all began
  1634 | D:2      | WhatIsLove: eye of draining looks suepr fun
  1634 | D:2      | WhatIsLove: with the dagger
  1634 | D:2      | WhatIsLove: i tryed
  1634 | D:2      | WhatIsLove: lol
  1634 | D:2      | Chiseanne: hehe
  1756 | D:2      | Chiseanne: do you have a site where to look upo the sprite names ?
  1756 | D:2      | WhatIsLove: i dressed up as Zigmund
  1756 | D:2      | WhatIsLove: as many
  1756 | D:2      | Chiseanne: like if I want to change to something else?
  1759 | D:2      | WhatIsLove: i don't know i can copy you the ones i discovered myself
  1762 | D:2      | WhatIsLove: and used
  2044 | D:2      | Chiseanne: hmm its ok then
  2044 | D:2      | Chiseanne: too much work then
  2044 | D:2      | Chiseanne: I can try myself or just leave it at that
  2123 | D:2      | Chiseanne: its fun..a bit big tho
  2195 | D:2      | Reached XP level 4. HP: 7/30 MP: 2/9
  2223 | D:2      | WhatIsLove: wanna be a drowned soul?
  2225 | D:2      | Reached skill level 4 in Spellcasting
  2421 | D:2      | Learned a level 3 spell: Mephitic Cloud
  2425 | D:2      | Learned a level 3 spell: Conjure Flame
  2428 | D:2      | Learned a level 2 spell: Blink
  2431 | D:2      | Chiseanne: hmm lets try
  2431 | D:2      | WhatIsLove: #tile_player_tile = tile:mons_drowned_soul
  2431 | D:2      | Chiseanne: whats thename for it?
  2431 | D:2      | Chiseanne: ok
  2431 | D:2      | WhatIsLove: wait
  2431 | D:2      | WhatIsLove: waut
  2431 | D:2      | WhatIsLove: wait
  2431 | D:2      | Chiseanne: wayiting
  2431 | D:2      | WhatIsLove: tile_player_tile = tile:mons_drowned_soul
  2432 | D:2      | WhatIsLove: there
  2433 | D:2      | Chiseanne: hmm
  2433 | D:2      | Chiseanne: something went wrong
  2434 | D:2      | WhatIsLove: yeah lol
  2434 | D:2      | Chiseanne: can you post the whole string again pls?
  2434 | D:2      | WhatIsLove: maybe it's # in the start line
  2434 | D:2      | WhatIsLove: it means disabled
  2434 | D:2      | Chiseanne: I know
  2434 | D:2      | WhatIsLove: tile_player_tile = tile:mons_drowned_soul
  2434 | D:2      | WhatIsLove: like that
  2434 | D:2      | Chiseanne: I just copied over the name ;-)
  2434 | D:2      | WhatIsLove: is working
  2436 | D:2      | Chiseanne: how cute is that???
  2436 | D:2      | WhatIsLove: it's because for monsters and uniques is different code
  2436 | D:2      | Chiseanne: :D
  2436 | D:2      | WhatIsLove: !!!
  2436 | D:2      | WhatIsLove: lol
  2436 | D:2      | WhatIsLove: very
  2436 | D:2      | WhatIsLove: cutesie
  2436 | D:2      | Chiseanne: cutetissimo
  2506 | D:2      | Found a white marble altar of Elyvilon.
  2507 | D:2      | Found a glowing golden altar of the Shining One.
  2894 | D:3      | Slain by an adder

Skill      XL: |  1  2  3  4 |
---------------+-------------+-----
Conjurations   | 2 3 |  3.3
Spellcasting   | 4 |  4.2
Dodging        | |  1.7
Stealth        | |  1.7
Summonings     | |  1.0
Translocations | |  0.8

Action                   |  1- 3 |  4- 6 || total
-------------------------+-------+-------++-------
Melee: Dagger            |    42 |    38 ||    80
       Unarmed           |     1 |       ||     1
 Cast: Magic Dart        |   103 |       ||   103
       Mephitic Cloud    |       |     1 ||     1
       Blink             |       |     1 ||     1
  Use: Scroll            |       |     1 ||     1
  Eat: Chunk             |     4 |     2 ||     6
Armor: Robe              |    28 |    25 ||    53
Dodge: Dodged            |    52 |    50 ||   102
